 Dungeon Crawl Stone Soup version 0.31-a0-986-g5e6e4ef867 (webtiles) character file.

Game seed: 1417192941438253539

290 croobank the Conjurer (level 5, -1/40 HPs)
             Began as a Demigod Conjurer on Nov 16, 2023.
             Slain by Duvessa
             ... wielding a +0 short sword
              (3 damage)
             ... on level 4 of the Dungeon.
             The game lasted 00:12:51 (3648 turns).

croobank the Conjurer (Demigod Conjurer)            Turns: 3648, Time: 00:12:52

Health: -1/40      AC:  3    Str:  8    XL:     5   Next: 83%
Magic:  6/12       EV: 12    Int: 27    God:
Gold:   102        SH:  0    Dex: 12    Spells: 3/9 levels left

rFire   + . .        a - +4 quick blade of the Shrinking Queen {protect, rElec Int+3}
rCold   + . .        (no shield)
rNeg    . . .        o - +0 robe
rPois   .            t - +0 helmet
rElec   +            j - scarf {rC+ rF+}
rCorr   .            (no gloves)
SInv    .            (no boots)
Will    .....        (no amulet)
Stlth   ++           (no ring)
HPRegen 0.26/turn    (no ring)
MPRegen 0.13/turn

%: no passive effects
@: about to teleport, very slightly contaminated
A: high MP 1, forlorn, divine attributes
a: no special abilities


You were on level 4 of the Dungeon.
You visited 1 branch of the dungeon, and saw 4 of its levels.

You collected 102 gold pieces.

Inventory:

Hand Weapons
 a - the +4 quick blade of the Shrinking Queen (weapon) {protect, rElec Int+3}
   (You acquired it on level 3 of the Dungeon)

   Int+3:     It affects your intelligence (+3).
   rElec:     It insulates you from electricity.
 b - a +0 sling
 d - a +0 dagger
 f - a +0 spear
 i - a +2 short sword of draining
Missiles
 l - 6 poisoned darts
Armour
 h - a +0 ring mail
 j - a scarf of resistance (worn)
 o - a +0 robe (worn)
 s - a +0 leather armour
 t - a +0 helmet (worn)
Talismans
 u - a beast talisman
Scrolls
 m - a scroll of teleportation
 n - a scroll of enchant armour {unknown}
 v - a scroll of fog {unknown}
 w - a scroll of poison {unknown}
 y - a scroll of identify
 z - a scroll of noise {unknown}
Potions
 e - a potion of lignification
 g - a potion of mutation {unknown}
 k - a potion of resistance
 p - 5 potions of curing
 q - a potion of berserk rage {unknown}
 r - a potion of heal wounds {unknown}
 x - a potion of magic


   Skills:
 + Level 1.5 Fighting
 + Level 2.9 Dodging
 + Level 3.1 Stealth
 + Level 2.8 Spellcasting
 + Level 4.3 Conjurations
 + Level 1.5 Hexes


You had 3 spell levels left.
You knew the following spells:

 Your Spells              Type           Power      Damage    Failure   Level
a - Magic Dart            Conj           100%       1d8       1%          1
b - Searing Ray           Conj           54%        2d6       2%          2
c - Dazzling Flash        Conj/Hex       38%        N/A       8%          3

Your spell library contained the following spells:

 Spells                   Type           Power      Damage    Failure   Level
 Fulminant Prism          Conj/Hex       9%         3d7       26%         4
 Iskenderun's Mystic Bla  Conj/Tloc      15%        2d5       36%         4
 Leda's Liquefaction      Hex/Erth       4%         N/A       54%         4
 Lee's Rapid Deconstruct  Erth           1%         3d4*      94%         5
 Bombard                  Conj/Erth      7%         9d2       99%         6


Dungeon Overview and Level Annotations

Branches:
Dungeon (4/15)
 Temple: D:4-7

Annotations:
D:4 Duvessa


Innate Abilities, Weirdness & Mutations

You have an increased reservoir of magic. (+10% MP)
You shall have no god before yourself.
Your divine heritage dramatically boosts your attributes as you level up.


Message History

You feel clever.
The +4 quick blade of the Shrinking Queen {protect, rElec Int+3} hums with potential!
a - the +4 quick blade of the Shrinking Queen (weapon)
{protect, rElec Int+3} You hit Duvessa.
Your weapon exudes an aura of protection.
You hit Duvessa but do no damage.
Duvessa is lightly wounded.
Duvessa hits you with a +0 short sword. x2
You completely miss Duvessa. You hit Duvessa but do no damage.
Duvessa is lightly wounded.
Duvessa hits you but does no damage. Duvessa hits you with a +0 short sword!
You hit Duvessa. You barely miss Duvessa.
Duvessa is lightly wounded.
Duvessa hits you but does no damage. Duvessa closely misses you.
You hit Duvessa but do no damage. x2
Duvessa is lightly wounded.
Duvessa hits you with a +0 short sword. x2
* * * LOW HITPOINT WARNING * * *
Okay, then.
It was a potion of curing.
You feel better.
Duvessa is no longer moving quickly.
Duvessa hits you with a +0 short sword!
* * * LOW HITPOINT WARNING * * *
Casting: Searing Ray (safe; 2% risk of failure)
Confirm with . or Enter, or press ? or * to list all spells.
Casting: Dazzling Flash (dangerous; 8% risk of failure)
Press: ? - help, Dir - look around, f - activate You miscast Dazzling Flash.
You are very lightly contaminated with residual magic.
Nothing appears to happen.
Duvessa hits you but does no damage. Duvessa closely misses you.
Casting: Dazzling Flash (dangerous; 8% risk of failure)
Confirm with . or Enter, or press ? or * to list all spells.
Casting: Dazzling Flash (dangerous; 8% risk of failure)
Press: ? - help, Dir - look around, f - activate Duvessa is dazzled.
Duvessa hits you with a +0 short sword.
* * * LOW HITPOINT WARNING * * *
Okay, then.
As you read the scroll of teleportation, it crumbles to dust.
You feel strangely unstable. Duvessa hits you with a +0 short sword.
You die...

###
#######.#
......†.###
# #.#.. .#
#.#.# ##..#
#.#.# #.....
#)#.##..≈§≈≈
#@e.....≈≈≈§
#.##.#..§≈_.
#.#<....☼≈☼≈
#.......≈≈≈≈
#....##.....
#..... .##.#
#...### # .
#.... #....


You could see Duvessa (berserk, blind).

Vanquished Creatures
  Dowan (D:4)
  A howler monkey (D:4)
  Natasha (twice) (D:3)
  Robin (D:2)
  5 adders
  3 worms
  3 dart slugs
  8 endoplasms
  3 giant cockroaches
  5 hobgoblins
  4 jackals (D:1)
  7 kobolds
  A quokka (D:1)
  5 ball pythons
  8 bats
  2 frilled lizards
  16 goblins
  8 rats
83 creatures vanquished.

Notes
Turn   | Place    | Note
-------+----------+-------------------------------------------
     0 | D:1      | croobank the Demigod Conjurer began the quest for the Orb.
     0 | D:1      | Reached XP level 1. HP: 14/14 MP: 5/5
   243 | D:1      | Reached XP level 2. HP: 12/20 MP: 2/7
   289 | D:1      | Learned a level 2 spell: Searing Ray
  1236 | D:1      | Reached XP level 3. HP: 26/26 MP: 5/8
  1242 | D:1      | Learned a level 3 spell: Dazzling Flash
  2031 | D:2      | Noticed Robin
  2051 | D:2      | Reached skill level 4 in Conjurations
  2146 | D:2      | Killed Robin
  2147 | D:2      | Reached XP level 4. HP: 29/34 MP: 4/10
  2815 | D:3      | Noticed Natasha
  2823 | D:3      | Killed Natasha
  2824 | D:3      | Reached skill level 1 in Fighting
  2824 | D:3      | Reached skill level 1 in Hexes
  3162 | D:3      | Reached XP level 5. HP: 40/40 MP: 11/11
  3342 | D:3      | Identified a scroll of acquirement
  3342 | D:3      | Acquired the +4 quick blade of the Shrinking Queen
                  | {protect, rElec Int+3}
  3452 | D:3      | Noticed Natasha
  3463 | D:3      | Killed Natasha
  3598 | D:4      | Identified the "Vami"
  3620 | D:4      | Noticed Dowan
  3633 | D:4      | Killed Dowan
  3638 | D:4      | Noticed Duvessa
  3647 | D:4      | HP: 1/40 [Duvessa/+0 short sword (3)]
  3648 | D:4      | Slain by Duvessa

Illustrated notes

Levels and vault maps discovered:
D:1:      sevenhm_arrival_forest_fort_small_5, layout_loops_corners,
          nicolae_figureground_pulse
D:2:      layout_basic, serial_bayou_crossing, uniq_robin
D:3:      layout_basic, shapermc_ecumenical_altar_mp_ritualfount,
          minmay_misc_feat_x, uniq_natasha
D:4:      layout_basic, lemuel_coloured_pillars_altar,
          nicolae_sif_muna_condensation, nicolae_elyvilon_temple_path,
          serial_shops, nicolae_shop_crystal, minmay_misc_feat_columns,
          uniq_crazy_yiuf_cottage, uniq_duvessa

Skill      XL: |  1  2  3  4  5 |
---------------+----------------+-----
Stealth        | 2 3 |  3.1
Dodging        | 2 |  2.9
Spellcasting   | 2 |  2.8
Conjurations   | 4 |  4.3
Fighting       | 1 |  1.5
Hexes          | 1 |  1.5

Action                     |  1- 3 |  4- 6 || total
---------------------------+-------+-------++-------
  Melee: Dagger            |     1 |       ||     1
         Unarmed           |     1 |       ||     1
         Short sword       |     2 |    36 ||    38
         Punch             |       |     1 ||     1
         Quick blade       |       |    31 ||    31
   Fire: Sling             |    25 |    34 ||    59
   Cast: Magic Dart        |    42 |     4 ||    46
         Searing Ray       |    23 |    11 ||    34
         Dazzling Flash    |       |     1 ||     1
    Use: Potion            |     1 |     1 ||     2
         Scroll            |       |     8 ||     8
   Stab: Sleeping          |     2 |     2 ||     4
         Distracted        |       |     2 ||     2
 Armour: Robe              |    21 |    38 ||    59
  Dodge: Dodged            |    21 |    32 ||    53

Table legend: (Time is in decaauts)
 A = Elapsed time spent in this place.
 B = Non-inter-level travel time spent in this place.
 C = Inter-level travel time spent in this place.
 D = Time resting spent in this place.
 E = Time spent auto-exploring this place.
 F = Levels seen in this place.
 G = Mean time per level.
                   A        B        C        D        E       F      G
               +--------+--------+--------+--------+--------+-----+--------+
         Total |   3674 |   3603 |     71 |    807 |   2130 |   4 |  918.5 |
       Dungeon |   3674 |   3603 |     71 |    807 |   2130 |   4 |  918.5 |
               +--------+--------+--------+--------+--------+-----+--------+

Top non-repeatable levels by time:
     D:1: 1546 daAuts
     D:2: 1157 daAuts
     D:3: 916 daAuts
     D:4: 52 daAuts
